 Dungeon Crawl Stone Soup version 0.28.0 (webtiles) character file.

Game seed: 3635781633380182735

120003 AmazingTV the Tortoise (level 16, -6/149 HPs)
             Began as a Minotaur Fighter on July 5, 2022.
             Was a High Priest of Okawaru.
             Mangled by an ironbound convoker (9 damage)
             ... in the Desolation of Salt on July 7, 2022.
             The game lasted 03:03:09 (33059 turns).

AmazingTV the Tortoise (Minotaur Fighter)          Turns: 33059, Time: 03:03:10

Health: -6/149     AC: 36    Str: 25    XL:     16   Next: 29%
Magic:  20/23      EV: 10    Int:  5    God:    Okawaru [*****.]
Gold:   623        SH: 15    Dex: 19    Spells: 15/15 levels left

rFire   + + +      SeeInvis .   a - +6 eveningstar of the Piercing Vulture {pain, rPois Str-5 Dex+3, macerare=g}
rCold   + . .      Faith    .   H - +0 kite shield
rNeg    + + .      Spirit   .   S - +8 plate armour "Ilix Caerr" {Str+6}
rPois   +          Reflect  .   (helmet unavailable)
rElec   .          Harm     .   O - scarf {rC+ rF+}
rCorr   .          Rampage  .   v - +2 pair of gloves
Will    .....                   x - +2 pair of boots "Atyso" {rF+ Int+4 Dex+3}
Stlth   ..........              u - amulet of regeneration
HPRegen 1.14/turn               k - ring of the Ladybird {rF+ rN+ Slay+3}
MPRegen 0.18/turn               D - ring of positive energy

@: weak-willed, heroic, on berserk cooldown, slowed, studying 2 skills, unable
to read, very slow
A: horns 3, retaliatory headbutt, dopey 2, weak 1, inability to read while
threatened, MP-powered wands
a: Renounce Religion, Heroism, Finesse, Duel


You were in the Desolation of Salt.
You worshipped Okawaru.
Okawaru was extremely pleased with you.
You visited 6 branches of the dungeon, and saw 24 of its levels.
You visited the Abyss 1 time.
You also visited: Ice Cave, Volcano and Desolation.

You collected 2676 gold pieces.
You spent 2053 gold pieces at shops.


Innate Abilities, Weirdness & Mutations

You have a pair of large horns on your head.
You reflexively headbutt those who attack you in melee.
You are very dopey. (Int -4)
You are weak. (Str -2)
You sometimes lose the ability to read scrolls when taking damage.
You expend magic power (3 MP) to strengthen your wands.


   Skills:
 + Level 15.4(20.4) Fighting
 + Level 12.9(20.7) Axes
 + Level 14.6(21.5) Maces & Flails
 + Level 6.6(11.6) Crossbows
 - Level 6.0(11.0) Throwing
 * Level 17.7(22.7) Armour
 + Level 12.5(17.5) Shields
 + Level 10.8 Invocations


You had 15 spell levels left.
You didn't know any spells.
Your spell library contained the following spells:

 Spells                   Type           Power      Damage    Failure   Level
 Apportation              Tloc           0%         N/A       98%         1
 Slow                     Hex            0%         N/A       98%         1
 Ensorcelled Hibernation  Hex/Ice        0%         N/A       99%         2
 Passwall                 Tmut/Erth      0%         N/A       99%         2
 Confusing Touch          Hex            0%         N/A       100%        3
 Spider Form              Tmut/Pois      0%         N/A       100%        3
 Swiftness                Air            0%         N/A       100%        3
 Vampiric Draining        Necr           0%         2d6       100%        3
 Anguish                  Hex/Necr       0%         N/A       100%        4
 Fulminant Prism          Conj/Hex       0%         3d6       100%        4
 Iskenderun's Mystic Bla  Conj/Tloc      0%         2d3       100%        4
 Leda's Liquefaction      Hex/Erth       0%         N/A       100%        4
 Passage of Golubria      Tloc           0%         N/A       100%        4
 Alistair's Intoxication  Tmut/Pois      0%         N/A       100%        5
 Blade Hands              Tmut           0%         N/A       100%        5
 Freezing Cloud           Conj/Ice/Air   0%         6-21      100%        5
 Irradiate                Conj/Tmut      0%         3d13      100%        5
 Lee's Rapid Deconstruct  Erth           0%         3d5*      100%        5
 Silence                  Hex/Air        0%         N/A       100%        5
 Conjure Ball Lightning   Conj/Air       0%         3x3d6     100%        6
 Statue Form              Tmut/Erth      0%         N/A       100%        6
 Dragon Form              Tmut           0%         N/A       100%        7
 Storm Form               Tmut/Air       0%         N/A       100%        7
 Discord                  Hex            0%         N/A       100%        8
 Disjunction              Tloc           0%         N/A       100%        8
 Lehudib's Crystal Spear  Conj/Erth      0%         10d2      100%        8
 Maxwell's Capacitive Co  Air            0%         ∞         100%        8
 Polar Vortex             Ice            0%         N/A       100%        9
 Summon Lightning Spire   Summ/Air       Unusable   N/A       N/A         4
 Simulacrum               Ice/Necr       Unusable   N/A       N/A         6

Inventory:

Hand Weapons
 a - the +6 eveningstar of the Piercing Vulture (weapon) {pain, rPois Str-5 Dex+3, macerare=g}
   (You found it on level 9 of the Dungeon)

   In the hands of one skilled in necromantic magic, it inflicts extra damage on
   living creatures.
   Str:       It affects your strength (-5).
   Dex:       It affects your dexterity (+3).
   rPois:     It protects you from poison.
 b - a +1 hand crossbow {crossbow}
   (You found it on level 6 of the Lair of Beasts)
 h - the +1 war axe of Jalus {chaos, Will+ Dex+6, axe}
   (Okawaru gifted it to you in the Desolation of Salt)

   Each time it hits an enemy it has a different, random effect.
   Dex:       It affects your dexterity (+6).
   Will:      It increases your willpower.
 l - the +8 broad axe of Infinite Pain {vorpal, Contam rElec rN+ Str+3, axe}
   (You found it on level 9 of the Dungeon)

   It inflicts extra damage upon your enemies.
   Str:       It affects your strength (+3).
   rElec:     It insulates you from electricity.
   rN:        It protects you from negative energy.
   Contam:    It causes magical contamination when unequipped.
 q - a +5 broad axe of venom {axe}
   (You found it in the Desolation of Salt)
 P - the +4 hand axe of Greed {speed, *Corrode Fly rPois rF++, axe}
   (Okawaru gifted it to you on level 6 of the Lair of Beasts)

   Attacks with this weapon are significantly faster.
   rF:        It greatly protects you from fire.
   rPois:     It protects you from poison.
   Fly:       It grants you flight.
   *Corrode:  It may corrode you when you take damage.
 U - a +6 mace of holy wrath {mace}
   (Okawaru gifted it to you on level 5 of the Lair of Beasts)
 V - a +2 morningstar of protection {mace}
   (You took it off an orc warrior on level 2 of the Orcish Mines)
Missiles
 e - 747 stones
 j - 246 arrows
 A - 13 javelins
 C - 21 poisoned darts (quivered)
 E - 168 sling bullets
 L - 77 bolts
Armour
 c - a +0 buckler
 r - a scarf of repulsion
   (You found it on level 2 of the Dungeon)
 v - a +2 pair of gloves (worn)
   (You found it on level 4 of the Lair of Beasts)
 x - the +2 pair of boots "Atyso" (worn) {rF+ Int+4 Dex+3}
   (Okawaru gifted it to you on level 1 of the Orcish Mines)

   Int:       It affects your intelligence (+4).
   Dex:       It affects your dexterity (+3).
   rF:        It protects you from fire.
 H - a +0 kite shield (worn)
   (You found it on level 8 of the Dungeon)
 O - a scarf of resistance (worn)
   (You acquired it on level 2 of the Orcish Mines)
 S - the +8 plate armour "Ilix Caerr" (worn) {Str+6}
   (Okawaru gifted it to you on level 12 of the Dungeon)

   Str:       It affects your strength (+6).
 T - a +1 plate armour of willpower
   (You took it off an orc warlord on level 2 of the Orcish Mines)
Jewellery
 f - a +4 ring of evasion
   (You took it off a kobold on level 9 of the Dungeon)
 k - the ring of the Ladybird (left hand) {rF+ rN+ Slay+3}
   (You found it in an ice cave)

   [ring of protection from fire]

   Slay:      It affects your accuracy & damage with ranged weapons and melee
   (+3).
   rF:        It protects you from fire.
   rN:        It protects you from negative energy.
 m - a ring of protection from cold
   (You found it on level 5 of the Dungeon)
 n - a ring of resist corrosion
   (You found it on level 2 of the Dungeon)
 o - the ring "Kalyten" {rF+ rC+}
   (You took it off an imperial myrmidon in the Desolation of Salt)

   [ring of protection from cold]

   rF:        It protects you from fire.
   rC:        It protects you from cold.
 p - the ring "Kaobel" {Ice rN+ Str+5 Slay-3 Stlth+}
   (You found it in an ice cave)

   [ring of ice]

   It enhances your ice magic.
   Str:       It affects your strength (+5).
   Slay:      It affects your accuracy & damage with ranged weapons and melee
   (-3).
   rF:        It makes you vulnerable to fire.
   rC:        It protects you from cold.
   rN:        It protects you from negative energy.
   Stlth:     It makes you more stealthy.
 u - an amulet of regeneration (around neck)
   (You took it off a kobold on level 9 of the Dungeon)
 y - the ring of Zyteh {Ice *Corrode rElec Str+2 SInv}
   (You took it off an imperial myrmidon in the Desolation of Salt)

   [ring of ice]

   It enhances your ice magic.
   Str:       It affects your strength (+2).
   rF:        It makes you vulnerable to fire.
   rC:        It protects you from cold.
   rElec:     It insulates you from electricity.
   SInv:      It lets you see invisible.
   *Corrode:  It may corrode you when you take damage.
 D - a ring of positive energy (right hand)
   (You found it on level 6 of the Lair of Beasts)
Wands
 N - a wand of iceblast (7)
   (You found it on level 6 of the Dungeon)
Scrolls
 w - 3 scrolls of fear
 B - 3 scrolls of amnesia
 J - 2 scrolls of enchant armour
 K - a scroll of silence {!r}
 M - 3 scrolls of identify {@r1}
 Q - 5 scrolls of teleportation {@r4}
 W - 4 scrolls of fog
 X - 2 scrolls of blinking {!r}
Potions
 d - a potion of might
 i - 2 potions of invisibility
 s - 2 potions of flight
 t - 5 potions of cancellation
 F - a potion of curing {@q1}
 R - 2 potions of lignification {!q}
 Y - 3 potions of haste {@q3}
 Z - a potion of ambrosia

Dungeon Overview and Level Annotations

Branches:
Dungeon (13/15)            Temple (1/1) D:5            Lair (6/6) D:10
 Shoals (0/4) Lair:4       Spider (1/4) Lair:4        Slime (0/5) Lair:6
    Orc (2/2) D:12            Elf (1/3) Orc:2         IceCv (visited)
Volcano (visited)         Desolation (1/1)
 Vaults: D:13-14

Altars:
Ashenzari
Cheibriados
Dithmenos
Elyvilon
Fedhas
Gozag
Hepliaklqana
Kikubaaqudgha
Makhleb
Nemelex Xobeh
Okawaru
Qazlal
Ru
Sif Muna
Trog
Uskayaw
Vehumet
Wu Jian
Xom
Yredelemnul
Zin
The Shining One

Shops:
D:7 *   Orc:1 *   Orc:2 **:(   Elf:1 ?

Portals:
Pandemonium: Orc:2
Trove: D:12 (give 12 potions of heal wounds)

Annotations:
Spider:1 Louise

######...§§.§.§§§§§§§§§.
######....#§.§§§§§§§§§§.
######....§.§§§§.§§§§§..
#######....§§§§§..§...§..
#######.....§§§...§...§..
#######....§§##.... ...
#######SS##### ####. ...
#######La# .. ..
#######p@# .§ #######9S#
.. #######p## .§
#######9## #######..#
#######..# #######..#
#######..# #######...


You could see a ragged hierophant (sheltered), a halazid warlock (sheltered), 2
ironbound convokers, 3 guardian serpents and 2 saltlings.


Message History

You take 8 damage, and now have 56/223 hp.
You puncture the imperial myrmidon!
You kill the imperial myrmidon!
Okawaru accepts your kill.
You are no longer berserk.
You are exhausted.
You feel as though you will be slow longer.
The ragged hierophant gestures wildly while chanting.
The ragged hierophant begins to accept its allies' injuries. 😨 HP[-18]
You now have 149 max hp (-74).
You bludgeon the ironbound convoker!!
The ragged hierophant casts a spell at you.
A blast of power from the earth and the saltling strikes you!
* * * LOW HITPOINT WARNING * * *
The saltling hits you!!
* * * LOW HITPOINT WARNING * * *
😱 HP[-24]
You take 24 damage, and now have 14/149 hp.
You feel better.
The guardian serpent is recalled.
The ragged hierophant is recalled.
The guardian serpent is recalled.
The halazid warlock is recalled.
The guardian serpent is recalled.
The saltling hits you but does no damage.
The ragged hierophant hits you but does no damage.
You block the halazid warlock's attack. You block the saltling's attack.
A guardian serpent comes into view.
The guardian serpent coils itself and waves its upper body at you.
The guardian serpent blinks!
The ragged hierophant mumbles some strange words.
The ragged hierophant begins to accept its allies' injuries.
A ragged hierophant, a guardian serpent and a halazid warlock come into view.
The ragged hierophant is wielding a staff of earth. 😱 HP[+11]
You regained 11 hp, and now have 25/149 hp.
You cannot read scrolls in your current state!
Okay, then.
You cannot read scrolls in your current state!
You feel better. The guardian serpent hits you!
* * * LOW HITPOINT WARNING * * *
The ragged hierophant hits you but does no damage.
You block the ironbound convoker's attack.
The halazid warlock touches you but does no damage.
The saltling hits you!
* * * LOW HITPOINT WARNING * * *
The guardian serpent hits you but does no damage.
The ragged hierophant gestures at you while chanting.
A blast of power from the earth and the saltling strikes you!
The ragged hierophant hits you with a staff of earth.
* * * LOW HITPOINT WARNING * * *
You block the ironbound convoker's attack.
The halazid warlock touches you but does no damage. 😱 HP[-7] MP[+1]
You take 7 damage, and now have 18/149 hp.
You cannot read scrolls in your current state!
Okay, then.
You feel better.
The saltling no longer looks unusually strong.
The guardian serpent barely misses you. You block the saltling's attack.
You block the guardian serpent's attack.
The ragged hierophant hits you with a staff of earth!
* * * LOW HITPOINT WARNING * * *
The ironbound convoker gestures at the guardian serpent while chanting.
The guardian serpent seems to grow stronger.
You block the saltling's attack.
The halazid warlock touches you but does no damage. 😱 HP[+2]
You regained 2 hp, and now have 20/149 hp.
You sock the guardian serpent!
The guardian serpent closely misses you.
You furiously retaliate!
You headbutt the guardian serpent!
The guardian serpent casts a spell at you.
The saltling hits you but does no damage.
The ragged hierophant hits you with a staff of earth.
* * * LOW HITPOINT WARNING * * *
The ironbound convoker hits you but does no damage.
The halazid warlock points at you and mumbles some strange words.
The bolt of cold hits you. You resist.
* * * LOW HITPOINT WARNING * * *
The guardian serpent hits you but does no damage.
The guardian serpent casts a spell at you.
You block the saltling's attack.
The ragged hierophant hits you but does no damage. 😱 HP[-9]
You take 9 damage, and now have 11/149 hp.
You feel better. The guardian serpent hits you!
* * * LOW HITPOINT WARNING * * *
The guardian serpent coils itself and waves its upper body at you.
The ironbound convoker hits you but does no damage.
The halazid warlock touches you.
* * * LOW HITPOINT WARNING * * *
You writhe in agony.
* * * LOW HITPOINT WARNING * * *
The saltling hits you but does no damage.
You block the guardian serpent's attack.
The ironbound convoker points at the saltling and mumbles some strange words.
The saltling seems to grow stronger.
The guardian serpent casts a spell at you.
The ragged hierophant hits you but does no damage.
The ironbound convoker hits you with a +0 flail!
You die...

Skill      XL: |  1  2  3  4  5  6  7  8  9 10 11 12 13 14 15 16 |
---------------+-------------------------------------------------+-----
Fighting       | 4 5 6 7 9 10 11 12 13 14 15 | 15.4
Armour         | 4 5 6 7 9 10 11 13 14 16 17 | 17.7
Maces & Flails | 3 4 5 6 7 8 9 10 11 12 13 14 | 14.6
Shields        | 4 5 6 7 8 9 10 11 12 | 12.5
Axes           | 1 4 6 7 9 10 11 12 | 12.9
Invocations    | 1 3 5 6 7 8 9 10 | 10.8
Throwing       | 1 4 5 6 |  6.0
Crossbows      | 4 6 |  6.6

Action                   |  1- 3 |  4- 6 |  7- 9 | 10-12 | 13-15 | 16-18 || total
-------------------------+-------+-------+-------+-------+-------+-------++-------
Melee: Flail             |    73 |   135 |   298 |    51 |       |       ||   557
       Headbutt          |    10 |    26 |    66 |   126 |   362 |    43 ||   633
       Whip              |       |       |    24 |       |       |       ||    24
       Eveningstar       |       |       |       |   348 |  1345 |   119 ||  1812
       Broad axe         |       |       |       |   130 |       |       ||   130
       Mace              |       |       |       |       |    21 |       ||    21
       War axe           |       |       |       |       |       |    32 ||    32
 Fire: Hand crossbow     |       |       |       |       |     2 |       ||     2
Throw: Dart              |       |     4 |       |     9 |    11 |       ||    24
       Javelin           |       |       |       |       |    19 |       ||    19
       Stone             |       |       |       |       |     4 |       ||     4
Invok: Heroism           |       |       |     5 |    11 |    22 |     5 ||    43
       Finesse           |       |       |       |     2 |    11 |     3 ||    16
Evoke: Wand              |       |       |       |     2 |       |       ||     2
  Use: Potion            |       |     1 |     3 |       |    13 |     8 ||    25
       Scroll            |       |       |     1 |    12 |    22 |       ||    35
 Stab: Sleeping          |       |       |       |     1 |       |       ||     1
       Petrified         |       |       |       |     1 |     2 |       ||     3
       Invisible         |       |       |       |       |     1 |       ||     1
       Confused          |       |       |       |       |       |     1 ||     1
Armor: Scale mail        |    48 |    46 |   103 |    24 |       |       ||   221
       Steam dragon scal |       |       |       |    67 |       |       ||    67
       Plate armour      |       |       |       |   133 |   689 |   102 ||   924
Dodge: Dodged            |    33 |    58 |   137 |   306 |   469 |    35 ||  1038
       Repelled          |       |       |       |    12 |    12 |       ||    24
Block: Buckler           |    13 |    31 |    94 |   164 |   355 |       ||   657
       Kite shield       |       |       |       |       |    68 |    78 ||   146

Levels and vault maps discovered:
D:1:      lemuel_arrival_muddy, layout_rooms, ebering_ecumenical_altar_mist,
          minmay_misc_feat_roman, minmay_pentomino_x4
D:2:      layout_basic
D:3:      cheibrodos_fertilizer, layout_loops_corners, grunt_decor_mini_mirrors,
          kennysheep_boxes
D:4:      layout_basic, cheibrodos_ashenzari_chains,
          mainiacjoe_overflow_catwalk, uniq_edmund
D:5:      layout_gridville, zin_angel,
          chequers_temple_overflow_statue_of_worship, minmay_temple_entry_arrows
D:6:      layout_basic
D:7:      layout_loops_corners, slow_altar_1, nicolae_elemental_shop, uniq_pikel
D:8:      layout_cave_pools, hellmonk_ghost_happy_afterlife,
          nicolae_underground_beach
D:9:      layout_loops_corners, nicolae_wu_jian_glorious_leap
D:10:     layout_grid_maze, due_lair_maze_entry_diamond
D:11:     layout_loops_ring, nicolae_dithmenos_through_a_glass_darkly
D:12:     layout_big_octagon, hiddenorc1_lemuel, nicolae_trove_entry_crystal
D:13:     kennysheep_six_static_rooms, layout_irregular_city, david_vaults_2,
          uniq_maurice
Temple:   eino_temple_water
Lair:1:   layout_cave_pods, nicolae_volcano_entry_two_sided,
          hangedman_lair_generics_rect, serial_bayou_shore_b
Lair:2:   layout_hall_layers, lemuel_fruit_fields, infiniplex_staircase_pool,
          serial_bayou_shore_a
Lair:3:   layout_long_grid, grunt_megastairs_2
Lair:4:   beast_lair_carwin_large_3, layout_loops_ring,
          minmay_shoals_entry_lonely_mermaid, spider_nest_entry_a,
          serial_bayou_shore_b, lemuel_fruit_tree
Lair:5:   layout_cave_pods
Lair:6:   evilmike_catoblepas_cave, layout_cave_pods,
          minmay_slime_entry_oklob_open, cheibrodos_lair_lostbears
Spider:1: layout_cave_pods, hangedman_spider_tarantella_strand, uniq_louise,
          uniq_mlioglotl
Orc:1:    layout_caves, serial_shops, nicolae_shop_overgrown_old_shop,
          portal_ice_cave_entry_pillars_1, nicolae_orc_flooded_monolith
Orc:2:    pf_orc_diabolical, layout_caves, ebering_ghost_gozag, mines_bat_river
Elf:1:    eino_elf_arrival_customs, layout_onion_city, basic_altar,
          serial_shops, shop, portal_desolation_entry_ruin,
          minmay_elf_demonology, minmay_elf_annihilation
Desolation

Notes
Turn   | Place    | Note
-------+----------+-------------------------------------------
     0 | D:1      | AmazingTV the Minotaur Fighter began the quest for the Orb.
     0 | D:1      | Reached XP level 1. HP: 19/19 MP: 0/0
     0 | D:1      | magus.rc [v1.9.6]
    56 | D:1      | Found a faded altar of an unknown god.
    88 | D:1      | Reached XP level 2. HP: 18/27 MP: 1/1
   613 | D:1      | Reached skill level 4 in Fighting
   638 | D:2      | Reached skill level 4 in Armour
   691 | D:2      | Reached skill level 3 in Maces & Flails
   691 | D:2      | Reached skill level 4 in Shields
   760 | D:2      | Reached XP level 3. HP: 33/33 MP: 2/2
   838 | D:2      | You pick up a book of Burglary and begin reading...
   838 | D:2      | You add the spells Passwall, Ensorcelled Hibernation and
                  | Swiftness to your library.
  1139 | D:2      | Reached XP level 4. HP: 27/41 MP: 3/3
  2332 | D:3      | Reached XP level 5. HP: 25/47 MP: 4/4
  2373 | D:3      | Reached skill level 4 in Maces & Flails
  2740 | D:3      | HP: 9/47 [iguana (8)]
  3006 | D:4      | Noticed Edmund
  3056 | D:4      | Reached skill level 5 in Armour
  3056 | D:4      | Reached skill level 5 in Shields
  3252 | D:3      | Reached skill level 5 in Fighting
  3361 | D:3      | Reached XP level 6. HP: 46/56 MP: 5/5
  3530 | D:4      | Found a broken altar of Ashenzari.
  3568 | D:4      | Found an ancient bone altar of Kikubaaqudgha.
  4403 | D:4      | HP: 12/56 [poisoned by Edmund]
  4408 | D:4      | HP: 6/56 [poisoned by Edmund]
  4426 | D:4      | HP: 6/56 [Edmund (1)]
  5169 | D:4      | Reached skill level 5 in Maces & Flails
  5170 | D:5      | Entered Level 5 of the Dungeon
  5200 | D:5      | Reached XP level 7. HP: 62/62 MP: 6/6
  5232 | D:5      | Noticed a shadow
  5236 | D:5      | Killed a shadow
  5237 | D:5      | Reached skill level 6 in Fighting
  5237 | D:5      | Reached skill level 6 in Armour
  5237 | D:5      | Reached skill level 6 in Shields
  5281 | D:5      | Found a hazy altar of Hepliaklqana.
  5281 | D:5      | Found a blossoming altar of Fedhas.
  5282 | D:5      | Found an opulent altar of Gozag.
  5548 | D:5      | Reached skill level 6 in Maces & Flails
  5710 | D:5      | Reached XP level 8. HP: 69/71 MP: 7/7
  5870 | D:5      | Found a staircase to the Ecumenical Temple.
  5876 | Temple   | Entered the Ecumenical Temple
  6086 | Temple   | Became a worshipper of Warmaster Okawaru
  6362 | D:5      | Found a glowing silver altar of Zin.
  6362 | D:5      | Noticed an angel
  6405 | D:6      | Reached skill level 7 in Fighting
  6405 | D:6      | Reached skill level 7 in Armour
  6405 | D:6      | Reached skill level 7 in Shields
  6939 | D:6      | Reached skill level 7 in Maces & Flails
  7324 | D:6      | Reached * piety under Okawaru
  7777 | D:7      | Reached skill level 1 in Axes
  7777 | D:7      | Reached skill level 1 in Invocations
  7777 | D:7      | Reached XP level 9. HP: 53/81 MP: 8/8
  8067 | D:7      | Found a snail-covered altar of Cheibriados.
  8094 | D:7      | Reached skill level 8 in Shields
  8098 | D:7      | Reached skill level 8 in Fighting
  8098 | D:7      | Reached skill level 8 in Armour
  8240 | D:7      | Noticed Pikel
  8281 | D:7      | Killed Pikel
  8282 | D:7      | Reached skill level 2 in Axes
  8282 | D:7      | Reached skill level 2 in Invocations
  8560 | D:7      | Reached skill level 3 in Axes
  8560 | D:7      | Reached skill level 8 in Maces & Flails
  9107 | D:7      | Found Teisch's Elemental Accessories.
  9550 | D:8      | Reached ** piety under Okawaru
  9551 | D:8      | Reached skill level 3 in Invocations
  9588 | D:8      | Noticed AmazingTV's ghost (novice SpBr)
  9703 | D:8      | Found a runed translucent door.
  9709 | D:8      | You pick up a book of Dreams and begin reading...
  9709 | D:8      | You add the spells Spider Form and Anguish to your library.
 10341 | D:8      | HP: 17/82 [poisoned by AmazingTV's ghost]
 10346 | D:8      | HP: 9/82 [poisoned by AmazingTV's ghost]
 10394 | D:8      | HP: 18/82 [poisoned by AmazingTV's ghost]
 10403 | D:8      | Killed AmazingTV's ghost
 10404 | D:8      | Reached skill level 4 in Axes
 10404 | D:8      | Reached skill level 1 in Throwing
 10409 | D:8      | HP: 20/82 [poisoned by AmazingTV's ghost]
 10754 | D:9      | Noticed a kobold demonologist
 10763 | D:9      | Noticed a kobold demonologist
 10803 | D:9      | Reached skill level 9 in Fighting
 10803 | D:9      | Reached skill level 9 in Armour
 10803 | D:9      | Reached XP level 10. HP: 68/91 MP: 8/11
 11111 | D:9      | Found an ornate altar of the Wu Jian Council.
 11191 | D:9      | Reached skill level 2 in Throwing
 11204 | D:9      | Reached skill level 4 in Invocations
 11209 | D:9      | Reached skill level 5 in Axes
 11333 | D:9      | Identified the +6 eveningstar of the Piercing Vulture
                  | {pain, rPois Str-5 Dex+3}
 11344 | D:9      | You pick up a book of Ice and begin reading...
 11344 | D:9      | You add the spells Freezing Cloud and Polar Vortex to your
                  | library.
 11819 | D:9      | Identified the +8 broad axe of Infinite Pain {vorpal,
                  | Contam rElec rN+ Str+3}
 11971 | D:9      | Reached skill level 9 in Maces & Flails
 12193 | D:9      | Reached skill level 3 in Throwing
 12194 | D:9      | Reached *** piety under Okawaru
 12420 | D:10     | Entered Level 10 of the Dungeon
 12422 | D:10     | Found a staircase to the Lair.
 12446 | D:10     | Reached skill level 6 in Axes
 12764 | D:10     | Reached skill level 5 in Invocations
 12764 | D:10     | Gained mutation: Your spells are a little easier to cast,
                  | but a little less powerful. [mutagenic glow]
 13270 | D:10     | Reached skill level 10 in Fighting
 13270 | D:10     | Reached skill level 4 in Throwing
 13270 | D:10     | Reached skill level 10 in Armour
 13270 | D:10     | Reached XP level 11. HP: 92/99 MP: 13/13
 13471 | D:10     | Reached **** piety under Okawaru
 14455 | D:11     | Noticed a boulder beetle
 14477 | D:11     | Killed a boulder beetle
 14487 | D:11     | Reached skill level 10 in Maces & Flails
 14552 | D:11     | Reached skill level 7 in Axes
 14597 | D:11     | Noticed a boulder beetle
 14676 | D:11     | Killed a boulder beetle
 14676 | D:11     | Received a gift from Okawaru
 14677 | D:11     | Reached skill level 5 in Throwing
 14677 | D:11     | Reached skill level 6 in Invocations
 14871 | D:11     | Found a shadowy altar of Dithmenos.
 15045 | D:11     | You pick up a book of Blasting and begin reading...
 15045 | D:11     | You add the spells Fulminant Prism, Iskenderun's Mystic
                  | Blast and Lee's Rapid Deconstruction to your library.
 15386 | D:12     | Reached ***** piety under Okawaru
 15471 | D:12     | Noticed a two-headed ogre
 15494 | D:12     | Killed a two-headed ogre
 15837 | D:12     | You pick up a book of Party Tricks and begin reading...
 15837 | D:12     | You add the spells Apportation and Alistair's Intoxication
                  | to your library.
 15887 | D:12     | Reached skill level 11 in Fighting
 15887 | D:12     | Reached skill level 11 in Armour
 15919 | D:12     | Found a staircase to the Orcish Mines.
 15931 | D:12     | Identified the +8 plate armour "Ilix Caerr" {Str+6}
                  | (Okawaru gifted it to you on level 12 of the Dungeon)
 15931 | D:12     | Received a gift from Okawaru
 16053 | D:12     | Found a portal to a secret trove of treasure.
 16061 | D:12     | This trove needs 12 potions of heal wounds to function.
                  | Give it the items?
 16230 | Lair:1   | Entered Level 1 of the Lair of Beasts
 16253 | Lair:1   | Found a dark tunnel.
 16345 | Lair:1   | You pick up a book of the Moon and begin reading...
 16345 | Lair:1   | You add the spells Passage of Golubria, Silence and
                  | Lehudib's Crystal Spear to your library.
 16362 | Volcano  | Entered a volcano
 16437 | Volcano  | Reached XP level 12. HP: 110/110 MP: 15/15
 16442 | Volcano  | Reached skill level 8 in Axes
 16504 | Volcano  | Found a burning altar of Makhleb.
 16504 | Volcano  | Noticed a centaur warrior
 16513 | Volcano  | Killed a centaur warrior
 16593 | Volcano  | Noticed a red draconian
 16599 | Volcano  | Reached skill level 11 in Maces & Flails
 16599 | Volcano  | Reached skill level 6 in Throwing
 16604 | Volcano  | Killed a red draconian
 16897 | Lair:1   | magus.rc [v1.9.6]
 16924 | Lair:1   | Gained mutation: You are dopey. (Int -2) [mutagenic glow]
 17344 | Lair:1   | Reached skill level 7 in Invocations
 17505 | Lair:1   | Reached skill level 12 in Armour
 17693 | Lair:1   | You pick up a book of the Sky and begin reading...
 17693 | Lair:1   | You add the spells Storm Form and Maxwell's Capacitive
                  | Coupling to your library.
 17750 | Lair:1   | You pick up a book of Transfigurations and begin reading...
 17750 | Lair:1   | You add the spells Irradiate, Blade Hands and Dragon Form
                  | to your library.
 18269 | Lair:2   | Noticed a catoblepas
 18289 | Lair:2   | Killed a catoblepas
 18339 | Lair:2   | Reached skill level 9 in Axes
 18347 | Lair:1   | Received a gift from Okawaru
 18460 | Lair:2   | Reached skill level 12 in Fighting
 18715 | Lair:2   | You pick up a book of Burglary and begin reading...
 19287 | Lair:3   | Reached skill level 13 in Armour
 19384 | Lair:3   | Reached skill level 9 in Shields
 19384 | Lair:3   | Reached XP level 13. HP: 112/118 MP: 17/17
 19800 | Lair:3   | Reached skill level 8 in Invocations
 19942 | Lair:3   | Reached skill level 12 in Maces & Flails
 20512 | Lair:4   | Found a hole to the Spider Nest.
 20556 | Lair:4   | Received a gift from Okawaru
 20557 | Lair:4   | Reached skill level 10 in Axes
 20708 | Lair:4   | You pick up a book of Debilitation and begin reading...
 20708 | Lair:4   | You add the spells Slow, Vampiric Draining and Confusing
                  | Touch to your library.
 20796 | Lair:4   | Reached skill level 14 in Armour
 20859 | Lair:4   | Found a staircase to the Shoals.
 21177 | Lair:4   | Received a gift from Okawaru
 21391 | Lair:5   | Received a gift from Okawaru
 21392 | Lair:5   | Reached skill level 10 in Shields
 21540 | Lair:5   | Reached ****** piety under Okawaru
 21540 | Lair:5   | Received a gift from Okawaru
 22024 | Lair:5   | Reached skill level 13 in Fighting
 22332 | Lair:6   | Entered Level 6 of the Lair of Beasts
 22455 | Lair:6   | Reached XP level 14. HP: 129/129 MP: 19/19
 22509 | Lair:6   | Found a staircase to the Slime Pits.
 22699 | Lair:6   | Reached skill level 1 in Crossbows
 22704 | Lair:6   | Reached skill level 9 in Invocations
 22806 | Lair:6   | Identified the +4 hand axe of Greed {speed, *Corrode Fly
                  | rPois rF++} (Okawaru gifted it to you on level 6 of the
                  | Lair of Beasts)
 22806 | Lair:6   | Received a gift from Okawaru
 22818 | Lair:6   | Reached skill level 15 in Armour
 23013 | Lair:6   | Reached skill level 13 in Maces & Flails
 23013 | Lair:6   | Reached skill level 2 in Crossbows
 23271 | Lair:6   | Reached skill level 11 in Axes
 23555 | Lair:6   | Identified the +0 pair of boots "Iwid" {rC- Dex+6} (Okawaru
                  | gifted it to you on level 6 of the Lair of Beasts)
 23555 | Lair:6   | Received a gift from Okawaru
 23678 | Lair:6   | Reached skill level 3 in Crossbows
 24743 | Orc:1    | Entered Level 1 of the Orcish Mines
 24889 | Orc:1    | Reached skill level 11 in Shields
 24940 | Orc:2    | Entered Level 2 of the Orcish Mines
 24940 | Orc:2    | Noticed an orc warlord
 25031 | Orc:1    | Found Tenoatan's Assorted Antiques.
 25076 | Orc:1    | Found a frozen archway.
 25085 | IceCv    | Entered an ice cave
 25320 | IceCv    | Identified the ring of the Ladybird {rF+ rN+ Slay+3}
 25550 | IceCv    | Reached skill level 4 in Crossbows
 25550 | IceCv    | Reached skill level 16 in Armour
 25661 | IceCv    | Reached XP level 15. HP: 126/137 MP: 21/21
 25753 | IceCv    | Found a viscous altar of Jiyva.
 25753 | IceCv    | Noticed an azure jelly
 25762 | IceCv    | Killed an azure jelly
 25794 | IceCv    | Got the ring "Kaobel" {Ice rN+ Str+5 Slay-3 Stlth+}
 26089 | Orc:1    | Identified the +2 pair of boots "Atyso" {rF+ Int+4 Dex+3}
                  | (Okawaru gifted it to you on level 1 of the Orcish Mines)
 26089 | Orc:1    | Received a gift from Okawaru
 26322 | Orc:1    | You fall into a shaft and drop 1 floor!
 26465 | Orc:2    | HP: 30/137 [orc warrior[an orc warlord] (16)]
 26467 | Orc:2    | Killed an orc warlord
 26596 | Orc:2    | Found Wayfog's General Store.
 26600 | Orc:2    | Found Kinutt's General Store.
 26731 | Orc:2    | Found a staircase to the Elven Halls.
 26884 | Orc:2    | Reached skill level 10 in Invocations
 26927 | Orc:2    | Bought a scroll of identify for 26 gold pieces
 26927 | Orc:2    | Bought a potion of curing for 39 gold pieces
 26927 | Orc:2    | Bought a scroll of fog for 26 gold pieces
 26929 | Orc:2    | Bought a scroll of enchant armour for 82 gold pieces
 26929 | Orc:2    | Bought a scroll of teleportation for 33 gold pieces
 26929 | Orc:2    | Bought a scroll of acquirement for 572 gold pieces
 26929 | Orc:2    | Bought a scroll of identify for 22 gold pieces
 26943 | Orc:2    | Found a runed translucent gate.
 26943 | Orc:2    | Found a runed translucent gate.
 26945 | Orc:2    | Acquired a scarf of resistance
 26948 | Orc:2    | Found a runed translucent gate.
 26953 | Orc:2    | Found an opulent altar of Gozag.
 26956 | Orc:2    | Noticed Pandrake's ghost (journeyman DgFi)
 26957 | Orc:2    | Noticed an orc warlord
 26961 | Orc:2    | Paralysed by an orc sorcerer for 4 turns
 27220 | Orc:2    | Reached skill level 14 in Fighting
 27455 | Orc:2    | Reached skill level 12 in Axes
 27467 | Orc:2    | Reached skill level 5 in Crossbows
 27576 | Orc:2    | Found Filidase's Book Shop.
 27576 | Orc:2    | Found Fatud's Antique Weapon Boutique.
 27577 | Orc:2    | Found a one-way gate leading to the halls of Pandemonium.
 27579 | Orc:2    | Bought a manual of Fighting for 1120 gold pieces
 27886 | Orc:2    | Killed an orc warlord
 27889 | Orc:2    | Killed Pandrake's ghost
 27893 | Orc:2    | Reached skill level 14 in Maces & Flails
 28202 | Spider:1 | Entered Level 1 of the Spider Nest
 28251 | Spider:1 | Noticed Louise
 28276 | Spider:1 | You are cast into the Abyss!
 28276 | Spider:1 | Cast into level 2 of the Abyss (Louise)
 28319 | Abyss:2  | HP: 33/138 [raiju/living lightning (8)]
 28327 | Abyss:2  | HP: 30/138 [raiju/living lightning (20)]
 28421 | Abyss:2  | Noticed a tentacled starspawn
 28526 | Abyss:2  | Killed a tentacled starspawn
 28571 | Abyss:2  | Noticed a tentacled starspawn
 28579 | Abyss:2  | Killed a tentacled starspawn
 28587 | Abyss:2  | Noticed a tentacled starspawn
 28643 | Abyss:2  | Killed a tentacled starspawn
 28648 | Abyss:2  | Found an opulent altar of Gozag.
 28649 | Abyss:2  | Gained mutation: You sometimes lose the ability to read
                  | scrolls when taking damage. [a neqoxec]
 28669 | Abyss:2  | Gained mutation: You are weak. (Str -2) [a neqoxec]
 28676 | Abyss:2  | Gained mutation: You are very dopey. (Int -4) [a neqoxec]
 28679 | Abyss:2  | Gained mutation: You occasionally shout uncontrollably at
                  | your foes. [a neqoxec]
 28699 | Abyss:2  | Paralysed by an air elemental for 1 turns
 28703 | Abyss:2  | Paralysed by an air elemental for 1 turns
 28771 | Abyss:2  | Noticed a tentacled starspawn
 28808 | Abyss:2  | Killed a tentacled starspawn
 28840 | Abyss:2  | Noticed a tentacled starspawn
 28972 | Abyss:2  | Noticed a deep elf sorcerer
 28980 | Abyss:2  | Paralysed by accursed screaming for 1 turns
 28982 | Abyss:2  | HP: 30/138 [starcursed mass/accursed screaming (7)]
 28987 | Abyss:2  | Paralysed by accursed screaming for 1 turns
 28988 | Abyss:2  | HP: 32/138 [starcursed mass/accursed screaming (13)]
 28989 | Spider:1 | You pass through the gate.
 28989 | Spider:1 | Escaped the Abyss
 29004 | Spider:1 | HP: 33/138 [starcursed mass/accursed screaming (8)]
 29007 | Spider:1 | HP: 16/138 [yellow draconian/glob of acid (22)]
 29132 | Lair:4   | Lost mutation: You occasionally shout uncontrollably at
                  | your foes. [potion of mutation]
 29132 | Lair:4   | Lost mutation: Your spells are a little easier to cast, but
                  | a little less powerful. [potion of mutation]
 29132 | Lair:4   | Gained mutation: You expend magic power (3 MP) to
                  | strengthen your wands. [potion of mutation]
 29132 | Lair:4   | Gained mutation: You have a pair of large horns on your
                  | head. [potion of mutation]
 29334 | Lair:4   | magus.rc [v1.9.6]
 30168 | D:4      | Killed Edmund
 31604 | Elf:1    | Entered Level 1 of the Elven Halls
 31626 | Elf:1    | Received a gift from Okawaru
 31738 | Elf:1    | Received a gift from Okawaru
 31744 | Elf:1    | Found a shimmering blue altar of Sif Muna.
 31751 | Elf:1    | You pick up a book of the Earth and begin reading...
 31751 | Elf:1    | You add the spells Leda's Liquefaction and Statue Form to
                  | your library.
 31805 | Elf:1    | Found Oromy's Magic Scroll Shoppe.
 31813 | Elf:1    | Bought a scroll of identify for 38 gold pieces
 31813 | Elf:1    | Bought a scroll of teleportation for 57 gold pieces
 31813 | Elf:1    | Bought a scroll of identify for 38 gold pieces
 31900 | Elf:1    | Reached skill level 17 in Armour
 31961 | Elf:1    | Reached skill level 12 in Shields
 32054 | Elf:1    | Noticed a deep elf sorcerer
 32065 | Elf:1    | Killed a deep elf sorcerer
 32068 | Elf:1    | Paralysed by an air elemental for 1 turns
 32230 | Elf:1    | Reached skill level 6 in Crossbows
 32231 | Elf:1    | Found a crumbling gateway.
 32238 | Desolati | Entered the Desolation of Salt
 32365 | Desolati | Reached XP level 16. HP: 143/147 MP: 22/22
 32366 | Desolati | Reached skill level 15 in Fighting
 32416 | Desolati | Identified the ring "Kalyten" {rF+ rC+}
 32435 | Desolati | Identified the +1 war axe of Jalus {chaos, Will+ Dex+6}
                  | (Okawaru gifted it to you in the Desolation of Salt)
 32435 | Desolati | Received a gift from Okawaru
 32475 | Desolati | You pick up a book of Chaos and begin reading...
 32475 | Desolati | You add the spells Conjure Ball Lightning, Disjunction and
                  | Discord to your library.
 32774 | Desolati | Identified the ring of Zyteh {Ice *Corrode rElec Str+2
                  | SInv}
 32794 | Desolati | HP: 36/149 [??? (22)]
 32796 | Desolati | HP: 16/149 [??? (9)]
 32822 | Desolati | HP: 33/149 [ragged hierophant/a resonance strike (11)]
 33054 | Desolati | HP: 37/149 [ragged hierophant/a resonance strike (3)]
 33054 | Desolati | HP: 14/149 [saltling (23)]
 33059 | Desolati | HP: 10/149 [guardian serpent (11)]
 33059 | Desolati | HP: 4/149 [halazid warlock (6)]
 33059 | Desolati | Mangled by an ironbound convoker

Vanquished Creatures
  4 tentacled starspawn (Abyss:2)
  An azure jelly (IceCv)
  4 imperial myrmidons (Desolation)
  A deep elf sorcerer (Elf:1)
  2 orc warlords (Orc:2)
  A quicksilver ooze (IceCv)
  A halazid warlock (Desolation)
  A red draconian (Volcano)
  The ghost of Pandrake the Spear-Bearer, a journeyman DgFi (Orc:2)
  A white draconian (Abyss:2)
  A servant of whispers (Desolation)
  3 ragged hierophants (Desolation)
  3 peacekeepers (Desolation)
  3 boulder beetles
  A centaur warrior (Volcano)
  4 hydras
  4 catoblepae
  A demonspawn (Orc:2)
  A two-headed ogre (D:12)
  A dancing weapon (Elf:1)
  10 death yaks
  6 orc high priests
  A thrashing horror (Abyss:2)
  A sun demon (Orc:2)
  A deep elf knight (Elf:1)
  An obsidian statue (Orc:2)
  2 deep elf archers (Elf:1)
  5 ironbound convokers (Desolation)
  Pikel (D:7)
  10 deep elf pyromancers (Elf:1)
  The ghost of AmazingTV the Covert, a novice SpBr of Elyvilon (D:8)
  6 orc knights
  A cyclops (D:12)
  10 deep elf zephyrmancers (Elf:1)
  10 orc sorcerers
  2 oklob plants (Lair:6)
  3 manticores
  2 guardian serpents (Desolation)
  A merfolk siren (Lair:4)
  13 elephants
  9 black mambas
  2 ice statues (IceCv)
  A torpor snail (Lair:4)
  2 molten gargoyles (Volcano)
  4 large abominations (Abyss:2)
  An unseen horror (D:12)
  3 rime drakes
  10 cane toads
  A demonic crawler (Spider:1)
  2 kobold demonologists (D:9)
  12 komodo dragons
  A tormentor (Abyss:2)
  A hellwing (Orc:2)
  6 entropy weaver simulacra (IceCv)
  A freezing wraith (Abyss:2)
  An ancient zyme (Abyss:2)
  3 trolls
  4 polar bears (Lair:6)
  A red devil (Orc:2)
  24 saltlings (Desolation)
  A tarantella (Spider:1)
  A raiju (Abyss:2)
  28 slime creatures
  A hornet (shapeshifter) (Elf:1)
  15 blink frogs
  A dream sheep (Lair:1)
  3 jumping spiders (Lair:4)
  A meliai zombie (D:11)
  78 yaks
  3 shadows
  An air elemental (Elf:1)
  A wraith (D:10)
  4 basilisks
  6 wyverns
  8 fire bats
  A steam dragon (D:9)
  3 redbacks
  A neqoxec (Abyss:2)
  3 wargs
  Edmund (D:4)
  An acid dragon (D:11)
  A demonic crawler simulacrum (IceCv)
  20 water moccasins
  39 orc warriors
  2 ugly thing simulacra (IceCv)
  A sky beast (D:6)
  6 black bears
  4 ogres
  4 necrophages
  4 centaurs (Volcano)
  21 wolves
  A phantom (D:5)
  2 lemures (D:7)
  2 kobold brigands (D:9)
  16 bullfrogs
  5 glowing shapeshifter simulacra (IceCv)
  3 scorpions
  A water moccasin skeleton (D:4)
  6 killer bees (D:10)
  A howler monkey (D:11)
  4 electric eels
  7 lava snakes (Volcano)
  2 bullfrog zombies (D:6)
  2 hounds
  2 quasits (Abyss:2)
  5 centaur zombies
  4 jellies
  28 orc priests
  2 gnoll shamans
  2 iron imps
  2 bullfrog skeletons (D:6)
  20 orc wizards
  4 iguanas
  2 howler monkey zombies
  7 adders
  15 gnolls
  2 shadow imps
  4 white imps
  2 worms (D:2)
  An adder skeleton (D:4)
  A dart slug (D:5)
  84 orcs
  7 bats
  14 endoplasms
  4 giant cockroaches
  3 goblins
  3 hobgoblins
  15 kobolds
  3 quokkas
  12 ball pythons
  4 frilled lizards
  5 rats
  2 starspawn tentacles (Abyss:2)
790 creatures vanquished.

Vanquished Creatures (others)
  A peacekeeper (Desolation)
  A demonic crawler simulacrum (IceCv)
  A starcursed mass (Spider:1)
  35 fungi
  45 plants
  38 starspawn tentacles (Abyss:2)
  13 toadstools (D:3)
134 creatures vanquished.

Grand Total: 924 creatures vanquished

Table legend:
 A = Non-vault XP
 B = Vault XP
 C = Vault XP percentage of total XP
 D = Non-vault monster count
 E = Vault monster count
 F = Vault count percentage of total count
                 A         B        C        D         E       F
            +---------+---------+-------+---------+---------+-------
      Total |   85497 |   85937 |  50.1 |     506 |     282 |  35.8
            +---------+---------+-------+---------+---------+-------
        D:1 |      25 |       4 |  13.8 |      16 |       4 |  20.0
        D:2 |      85 |       0 |   0.0 |      13 |       0 |   0.0
        D:3 |     240 |     106 |  30.6 |      22 |      13 |  37.1
        D:4 |     442 |     166 |  27.3 |      25 |       1 |   3.8
        D:5 |     972 |       0 |   0.0 |      19 |       0 |   0.0
        D:6 |     865 |       0 |   0.0 |      18 |       0 |   0.0
        D:7 |     919 |     681 |  42.6 |      22 |       2 |   8.3
        D:8 |     696 |     580 |  45.5 |      14 |       1 |   6.7
        D:9 |    3083 |       0 |   0.0 |      31 |       0 |   0.0
       D:10 |    2997 |    1222 |  29.0 |      16 |      10 |  38.5
       D:11 |    4227 |       0 |   0.0 |      12 |       0 |   0.0
       D:12 |    3468 |     243 |   6.5 |       9 |      17 |  65.4
     Lair:1 |    3013 |    1558 |  34.1 |      16 |       6 |  27.3
     Lair:2 |    7119 |       0 |   0.0 |      36 |       0 |   0.0
     Lair:3 |    5363 |    1643 |  23.5 |      24 |       3 |  11.1
     Lair:4 |    7131 |    5432 |  43.2 |      23 |      13 |  36.1
     Lair:5 |    7747 |       0 |   0.0 |      25 |       0 |   0.0
     Lair:6 |   13339 |   12859 |  49.1 |      43 |      28 |  39.4
   Spider:1 |     562 |     283 |  33.5 |       2 |       1 |  33.3
      Orc:1 |    5041 |       0 |   0.0 |      42 |       0 |   0.0
      Orc:2 |    3458 |   17955 |  83.9 |      26 |      74 |  74.0
      Elf:1 |   13419 |    4359 |  24.5 |      26 |       7 |  21.2
    Abyss:2 |       0 |       0 |   N/A |      21 |       0 |   0.0
      IceCv |    1286 |   10437 |  89.0 |       5 |      36 |  87.8
    Volcano |       0 |    4756 | 100.0 |       0 |      22 | 100.0
 Desolation |       0 |   23653 | 100.0 |       0 |      44 | 100.0
            +---------+---------+-------+---------+---------+-------

Illustrated notes

Table legend:
 A = Kills in this place as a percentage of kills in entire the game.
 B = Kills by you in this place as a percentage of kills by you in the entire game.
 C = Kills by friends in this place as a percentage of kills by friends in the entire game.
 D = Other kills in this place as a percentage of other kills in the entire game.
 E = Experience gained in this place as a percentage of experience gained in the entire game.
 F = Experience gained in this place divided by the number of levels of this place that you have seen.
                   A       B       C       D       E      F
               +-------+-------+-------+-------+-------+----------------------
         Total | 100.0 | 100.0 |   N/A | 100.0 | 100.0 | 6122.6
       Dungeon |  33.6 |  33.7 |   N/A |   0.0 |  12.3 | 1617.0
          Lair |  27.5 |  27.6 |   N/A |   0.0 |  38.0 | 10867.3
   Spider Nest |   0.4 |   0.4 |   N/A |   0.0 |   0.5 | 845.0
  Orcish Mines |  18.0 |  18.1 |   N/A |   0.0 |  15.4 | 13227.0
   Elven Halls |   4.2 |   4.2 |   N/A |   0.0 |  10.4 | 17778.0
         Abyss |   2.7 |   2.7 |   N/A |   0.0 |   0.0 |   0.0
      Ice Cave |   5.2 |   5.1 |   N/A |  50.0 |   6.8 | 11723.0
       Volcano |   2.8 |   2.8 |   N/A |   0.0 |   2.8 | 4756.0
    Desolation |   5.6 |   5.5 |   N/A |  50.0 |  13.8 | 23653.0
               +-------+-------+-------+-------+-------+----------------------

Table legend: (Time is in decaauts)
 A = Elapsed time spent in this place.
 B = Non-inter-level travel time spent in this place.
 C = Inter-level travel time spent in this place.
 D = Time resting spent in this place.
 E = Time spent auto-exploring this place.
 F = Levels seen in this place.
 G = Mean time per level.
                   A        B        C        D        E       F      G
               +--------+--------+--------+--------+--------+-----+--------+
         Total |  32824 |  28757 |   4067 |   7396 |  14213 |  28 | 1172.3 |
       Dungeon |  17697 |  15586 |   2111 |   4652 |   8502 |  13 | 1361.3 |
        Temple |    227 |    205 |     22 |      0 |    193 |   1 |  227.0 |
          Lair |   8591 |   7206 |   1385 |   1290 |   4419 |   6 | 1431.8 |
   Spider Nest |    101 |    101 |      0 |      0 |     30 |   1 |  101.0 |
  Orcish Mines |   2638 |   2091 |    547 |    343 |    915 |   2 | 1319.0 |
   Elven Halls |    614 |    614 |      0 |    180 |      0 |   1 |  614.0 |
         Abyss |    691 |    691 |      0 |    146 |      0 |   1 |  691.0 |
      Ice Cave |    914 |    914 |      0 |    324 |     72 |   1 |  914.0 |
       Volcano |    533 |    533 |      0 |    209 |      0 |   1 |  533.0 |
    Desolation |    814 |    814 |      0 |    252 |     80 |   1 |  814.0 |
               +--------+--------+--------+--------+--------+-----+--------+

Top non-repeatable levels by time:
     D:3: 3137 daAuts
  Lair:6: 2163 daAuts
    D:10: 2157 daAuts
     D:7: 2043 daAuts
   Orc:2: 1919 daAuts
     D:9: 1882 daAuts
  Lair:1: 1869 daAuts
  Lair:4: 1566 daAuts
     D:8: 1366 daAuts
     D:6: 1326 daAuts
    D:12: 1130 daAuts
     D:5: 1064 daAuts
  Lair:2: 1033 daAuts
  Lair:5: 1022 daAuts
     D:4: 1017 daAuts
